 Dungeon Crawl Stone Soup version 0.30-a0-568-g124715a40b (webtiles) character file.

Game seed: 17563282815522988056

17095 bmack86 the Cleaver (level 12, -20/107 HPs)
             Began as a Minotaur Fighter on Dec 28, 2022.
             Was a High Priest of Okawaru.
             Blown up by an orb spider (26 damage)
             ... with a wavering orb of destruction
             ... on level 3 of the Lair of Beasts.
             The game lasted 00:37:07 (12149 turns).

bmack86 the Cleaver (Minotaur Fighter)             Turns: 12149, Time: 00:37:08

Health: -20/107    AC: 19    Str: 25    XL:     12   Next: 15%
Magic:  14/14      EV: 12    Int:  5    God:    Okawaru [*****.]
Gold:   802        SH: 11    Dex: 11    Spells: 11/11 levels left

rFire   . . .      SeeInvis .    D - +3 broad axe (spect)
rCold   . . .      Faith    .    c - +0 buckler
rNeg    . . .      Spirit   .    A - +0 plate armour
rPois   .          Reflect  +    r - +1 hat
rElec   .          Harm     .    (no cloak)
rCorr   .          Rampage  .    i - +0 pair of gloves
Will    +....                    w - +1 pair of boots
Stlth   x                          - amulet of reflection
HPRegen 0.37/turn                z - +5 ring of evasion
MPRegen 0.14/turn                P - ring of willpower

@: no status effects
A: horns 2, retaliatory headbutt
a: Renounce Religion, Heroism, Finesse, Duel


You were on level 3 of the Lair of Beasts.
You worshipped Okawaru.
Okawaru was extremely pleased with you.
You visited 2 branches of the dungeon, and saw 13 of its levels.

You collected 802 gold pieces.

Inventory:

Hand Weapons
 D - a +3 spectral broad axe (weapon)
Missiles
 E - 11 boomerangs
 K - 6 javelins (quivered)
 L - 4 throwing nets
 O - 6 silver boomerangs
Armour
 c - a +0 buckler (worn)
 i - a +0 pair of gloves (worn)
 m - the +1 ring mail of Nali {rElec rC- rCorr Int+5}
   (You found it on level 2 of the Dungeon)

   Int:       It affects your intelligence (+5).
   rC:        It makes you vulnerable to cold.
   rElec:     It insulates you from electricity.
   rCorr:     It protects you from acid and corrosion.
 r - a +1 hat (worn)
 w - a +1 pair of boots (worn)
 A - a +0 plate armour (worn)
Jewellery
 h - a ring of fire
 x - an amulet of reflection (around neck)
 y - a +6 ring of dexterity
 z - a +5 ring of evasion (left hand)
 N - a ring of flight
 P - a ring of willpower (right hand)
Wands
 a - a wand of paralysis (5)
 b - a wand of digging (10)
 f - a wand of polymorph (7)
 C - a wand of roots (9)
 M - a wand of quicksilver (6)
Scrolls
 g - a scroll of fear
 l - 4 scrolls of blinking
 o - 3 scrolls of brand weapon
 t - 3 scrolls of teleportation
 v - 4 scrolls of magic mapping
 B - 2 scrolls of poison
 H - a scroll of fog
 I - a scroll of identify
Potions
 d - 4 potions of might
 e - a potion of magic
 j - 3 potions of berserk rage
 k - 3 potions of invisibility
 n - 7 potions of lignification
 p - 4 potions of heal wounds
 q - 2 potions of attraction
 s - 3 potions of flight
 u - 6 potions of curing
 F - a potion of cancellation {unknown}
 G - a potion of haste
 Q - a potion of brilliance
Miscellaneous
 J - a piece from Xom's chessboard (15/15)


   Skills:
 + Level 10.4 Fighting
 * Level 14.0 Axes
 + Level 6.4 Throwing
 + Level 10.5 Armour
 + Level 10.5 Shields
 - Level 5.0 Invocations


You had 11 spell levels left.
You didn't know any spells.
Your spell library contained the following spells:

 Spells                   Type           Power      Damage    Failure   Level
 Apportation              Tloc           0%         N/A       99%         1
 Beastly Appendage        Tmut           0%         N/A       99%         1
 Necrotise                Necr           0%         1d4       99%         1
 Sandblast                Erth           0%         2d4       99%         1
 Passwall                 Tmut/Erth      0%         N/A       100%        2
 Scorch                   Fire           0%         2d5       100%        2
 Wereblood                Tmut           0%         N/A       100%        2
 Ignite Poison            Fire/Tmut/Pois 0%         N/A       100%        3
 Kindle Blastsparks       Fire/Tloc/Air  0%         2d10      100%        3
 Spider Form              Tmut/Pois      0%         N/A       100%        3
 Stone Arrow              Conj/Erth      0%         3d7       100%        3
 Anguish                  Hex/Necr       0%         N/A       100%        4
 Flame Wave               Conj/Fire      0%         2d4       100%        4
 Freezing Cloud           Conj/Ice/Air   0%         6-21      100%        5
 Iskenderun's Battlesphe  Conj           0%         2d6       100%        5
 Iron Shot                Conj/Erth      0%         9d1       100%        6
 Storm Form               Tmut/Air       0%         N/A       100%        7
 Maxwell's Capacitive Co  Air            0%         ∞         100%        8
 Summon Small Mammal      Summ           Unusable   N/A       N/A         1
 Summon Guardian Golem    Hex/Summ       Unusable   N/A       N/A         3
 Summon Lightning Spire   Summ/Air       Unusable   N/A       N/A         4
 Summon Mana Viper        Hex/Summ       Unusable   N/A       N/A         5
 Summon Cactus Giant      Summ           Unusable   N/A       N/A         6
 Spellforged Servitor     Conj/Summ      Unusable   N/A       N/A         7

Dungeon Overview and Level Annotations

Branches:
Dungeon (10/15)            Temple (0/1) D:7            Lair (3/5) D:9
 Shoals (0/4) Lair:2       Spider (0/4) Lair:3
    Orc: D:9-12

Altars:
Ashenzari
Elyvilon
Gozag
Kikubaaqudgha
Makhleb
Nemelex Xobeh
Okawaru
Wu Jian
Xom
Yredelemnul

Shops:
D:1 ?   D:8 (


Innate Abilities, Weirdness & Mutations

You have a pair of horns on your head.
You reflexively headbutt those who attack you in melee.


Message History

You kill the basilisk!
Okawaru accepts your kill.
An orb spider comes into view.
Found a hole to the Spider Nest.
An orb spider is nearby!
The orb spider spins a strand of pure energy.
You hear the quick rumble of a very distant avalanche of rocks.
Why would you want to do that? Why would you want to do that?
The orb spider weaves a glowing orb of energy.
An orb of destruction comes into view.
You throw a javelin.
The javelin closely misses the orb spider.
You throw a javelin.
The javelin pierces through the orb spider!
The orb spider is moderately wounded.
The orb of destruction reflects off an invisible shield around you!
The orb spider spins a strand of pure energy.
The orb of destruction hits a rock wall.
The orb spider weaves a glowing orb of energy.
An orb of destruction comes into view.
The orb of destruction hits you!!!
Ouch! That really hurt!
You pick your way through the web.
There is a web here.
The orb spider pulsates with a strange energy.
You open the door.
The orb spider weaves a glowing orb of energy.
An orb of destruction comes into view.
The wavering orb of destruction hits you!!!
* * * LOW HITPOINT WARNING * * *
There is an open door, spattered with blood here.
The orb spider pulsates with a strange energy.
There is a hole to the Spider Nest here.
You see here 2 javelins.
You open the door.
The orb spider weaves a glowing orb of energy.
An orb of destruction comes into view.
The wavering orb of destruction hits you!!
You die...

##P...........# ##..##..
#....##......####....#..
##...###...####..##......
##..^^#####.# #..........
##..###..^.### #..........
#......^...^# ##..........
.....##.#....≈≈≈s#####.......##.#
.....##.^#.^..≈^○###P#.....###...
.....####.##..≈.@##........###...
.....##.....##≈...#.........##..#
.....##..#.#..≈≈'##........####.#
...PP##.......^^^##..............
......##..####...###.#.....#....#
.....#..#...######............#.#
.[.......^..#..#..†...........P..
.....##..........†...............
...........#................>....


You could see an orb spider.

Vanquished Creatures
  A hydra (Lair:3)
  A two-headed ogre (D:8)
  4 death yaks (Lair:3)
  A black mamba (Lair:1)
  An elephant (D:9)
  A torpor snail (Lair:3)
  5 cane toads
  2 komodo dragons
  Maggie (D:6)
  A kobold demonologist (D:10)
  3 trolls
  2 hornets (D:9)
  A slime creature (D:9)
  A snapping turtle (Lair:2)
  Sigmund (D:3)
  A vampire (D:10)
  A wraith (D:5)
  5 wyverns
  11 yaks
  2 basilisks (Lair:3)
  3 vampire mosquitoes (D:10)
  A steam dragon (D:7)
  6 water moccasins
  2 ice beasts
  3 black bears
  An orc warrior (D:7)
  11 wolves
  4 ogres
  2 centaurs
  A phantom (D:6)
  2 kobold brigands
  8 bullfrogs
  A gnoll sergeant (D:9)
  Blork the orc (D:5)
  6 scorpions
  8 wights
  3 howler monkeys
  2 jellies (D:7)
  6 orc priests
  3 hounds
  3 iguanas
  9 orc wizards
  A hound zombie (D:3)
  9 gnolls
  6 adders
  A shadow imp (D:6)
  3 ufetubi (D:6)
  A worm (D:2)
  5 dart slugs
  34 orcs
  4 ball pythons
  6 bats
  4 endoplasms
  3 giant cockroaches
  9 goblins
  10 hobgoblins
  6 quokkas
  3 frilled lizards
  A jackal zombie (D:3)
  15 kobolds
  3 rats
256 creatures vanquished.

Vanquished Creatures (others)
  7 fungi
  25 plants
32 creatures vanquished.

Grand Total: 288 creatures vanquished

Notes
Turn   | Place    | Note
-------+----------+-------------------------------------------
     0 | D:1      | bmack86 the Minotaur Fighter began the quest for the Orb.
     0 | D:1      | Reached XP level 1. HP: 19/19 MP: 0/0
   133 | D:1      | Reached XP level 2. HP: 25/27 MP: 1/1
   160 | D:1      | Found a faded altar of an unknown god.
   234 | D:1      | Found Laass's Magic Scroll Boutique.
   502 | D:1      | Reached skill level 3 in Axes
   812 | D:1      | Reached XP level 3. HP: 33/33 MP: 2/2
   964 | D:2      | Identified the +1 ring mail of Nali {rElec rC- rCorr Int+5}
  1029 | D:2      | You fall into a shaft and drop 2 floors!
  1905 | D:3      | Reached XP level 4. HP: 40/40 MP: 3/3
  1973 | D:3      | Found an opulent altar of Gozag.
  2061 | D:3      | Found a white marble altar of Elyvilon.
  2061 | D:3      | Found a sparkling altar of Nemelex Xobeh.
  2254 | D:3      | Noticed Sigmund
  2258 | D:3      | Reached skill level 4 in Axes
  2285 | D:3      | Killed Sigmund
  2286 | D:3      | Reached skill level 5 in Axes
  2286 | D:3      | Reached XP level 5. HP: 19/47 MP: 4/4
  2289 | D:3      | Found a basalt altar of Yredelemnul.
  2710 | D:4      | Reached XP level 6. HP: 54/55 MP: 5/5
  2829 | D:4      | Reached skill level 5 in Fighting
  2829 | D:4      | Reached skill level 5 in Armour
  2829 | D:4      | Reached skill level 5 in Shields
  3294 | D:5      | Entered Level 5 of the Dungeon
  3423 | D:5      | Found an iron altar of Okawaru.
  3440 | D:5      | Became a worshipper of Warmaster Okawaru
  3469 | D:5      | Noticed a wraith
  3485 | D:5      | Killed a wraith
  3486 | D:5      | Reached skill level 6 in Axes
  3486 | D:5      | Reached XP level 7. HP: 25/61 MP: 6/6
  3628 | D:5      | Reached skill level 1 in Invocations
  3962 | D:5      | Reached * piety under Okawaru
  3963 | D:5      | Reached skill level 7 in Axes
  4124 | D:5      | Reached XP level 8. HP: 58/70 MP: 5/8
  4416 | D:5      | Noticed Blork the orc
  4421 | D:5      | Killed Blork the orc
  4881 | D:6      | Reached skill level 8 in Axes
  5007 | D:6      | Noticed Maggie
  5018 | D:6      | Killed Maggie
  5174 | D:6      | Reached XP level 9. HP: 76/78 MP: 10/10
  5313 | D:6      | Reached ** piety under Okawaru
  5342 | D:7      | Reached skill level 9 in Axes
  5469 | D:7      | Found a shimmering altar of Xom.
  5470 | D:7      | Found a shimmering altar of Xom.
  5470 | D:7      | Found a shimmering altar of Xom.
  5472 | D:7      | Found a shimmering altar of Xom.
  5608 | D:7      | Found a staircase to the Ecumenical Temple.
  5611 | D:7      | Reached skill level 1 in Throwing
  5731 | D:7      | Noticed a troll
  5744 | D:7      | Killed a troll
  6125 | D:7      | Noticed an orb spider
  6132 | D:7      | an orb spider changed into a swamp dragon
  6132 | D:7      | Noticed a swamp dragon (shapeshifter)
  6171 | D:7      | Noticed a mana viper
  6171 | D:7      | a mana viper changed into a water nymph
  6171 | D:7      | Noticed a water nymph (shapeshifter)
  6946 | D:8      | Reached skill level 10 in Axes
  7267 | D:8      | Noticed a two-headed ogre
  7281 | D:8      | Killed a two-headed ogre
  7281 | D:8      | Reached *** piety under Okawaru
  7282 | D:8      | Reached XP level 10. HP: 88/88 MP: 12/12
  7573 | D:8      | Found Ilach's Antique Weapon Shoppe.
  8040 | D:8      | Found a broken altar of Ashenzari.
  8536 | D:9      | Noticed an elephant
  8551 | D:9      | Killed an elephant
  8552 | D:9      | Reached skill level 5 in Invocations
  8558 | D:9      | Reached skill level 11 in Axes
  8565 | D:9      | Reached **** piety under Okawaru
  8566 | D:9      | Found a staircase to the Lair.
  8630 | D:9      | Found a burning altar of Makhleb.
  9471 | D:10     | Entered Level 10 of the Dungeon
  9490 | D:10     | Reached XP level 11. HP: 95/97 MP: 13/13
  9494 | D:10     | Reached skill level 12 in Axes
  9701 | D:10     | Found an ancient bone altar of Kikubaaqudgha.
  9894 | D:10     | Found an ornate altar of the Wu Jian Council.
 10042 | Lair:1   | Entered Level 1 of the Lair of Beasts
 10062 | Lair:1   | Reached ***** piety under Okawaru
 10117 | Lair:1   | Reached skill level 5 in Throwing
 11139 | Lair:2   | Found a staircase to the Shoals.
 11220 | Lair:2   | Reached skill level 13 in Axes
 11622 | Lair:3   | Got the Spellbook of Enchanting Excavation
 11632 | Lair:3   | Received a gift from Okawaru
 11636 | Lair:3   | Reached skill level 10 in Armour
 11638 | Lair:3   | Reached skill level 10 in Shields
 11809 | Lair:3   | Noticed a seven-headed hydra
 11815 | Lair:3   | Killed a nine-headed hydra
 11816 | Lair:3   | Reached skill level 10 in Fighting
 12034 | Lair:3   | Noticed a death yak
 12035 | Lair:3   | Noticed a death yak
 12035 | Lair:3   | Noticed a death yak
 12035 | Lair:3   | Noticed a death yak
 12044 | Lair:3   | Killed a death yak
 12047 | Lair:3   | Killed a death yak
 12048 | Lair:3   | Reached XP level 12. HP: 94/107 MP: 12/14
 12050 | Lair:3   | Killed a death yak
 12052 | Lair:3   | Killed a death yak
 12053 | Lair:3   | Reached skill level 14 in Axes
 12117 | Lair:3   | Found a hole to the Spider Nest.
 12144 | Lair:3   | HP: 5/107 [disintegration (46)]
 12149 | Lair:3   | Blown up by an orb spider

Illustrated notes

Levels and vault maps discovered:
D:1:      giann_forest_graveyard, layout_loops_corners,
          shapermc_ecumenical_altar_mp_ritualfount, serial_shops, shop
D:2:      layout_rooms, kennysheep_generic_room_8
D:3:      layout_loops_ring, lemuel_zombie_altar_yredelemnul,
          grunt_gozag_breadcrumbs, nicolae_overflow_two_pavilions,
          minmay_misc_feat_doors, hangedman_decor_slide_cut,
          grunt_ministairs_13, serial_bayou_crossing, uniq_sigmund
D:4:      layout_basic
D:5:      layout_basic, okawaru_altar_gauntlet_db, uniq_blork_the_orc
D:6:      layout_gridville, uniq_maggie
D:7:      layout_layer_cave, xom_shifter_show, minmay_temple_entry_waves,
          grunt_ogre_cave, hellmonk_bongcloud_opening, minmay_misc_feat_square,
          minivault_5
D:8:      layout_layer_cave, lemuel_tele_altar, serial_shops,
          nicolae_shop_temple_entry_statues_fountains
D:9:      layout_stronghold, mainiacjoe_overflow_concentric_impassable,
          david_lair_generic, minmay_fractal_squares_gapless_5
D:10:     layout_rooms, mainiacjoe_overflow_alcove_4,
          nicolae_wu_jian_immortal_techniques
Lair:1:   layout_big_grid
Lair:2:   layout_roguey, minmay_shoals_entry_hut
Lair:3:   layout_gridlike, nicolae_spider_entry_orb_guardian,
          nicolae_volcano_entry_hallway

Skill      XL: |  1  2  3  4  5  6  7  8  9 10 11 12 |
---------------+-------------------------------------+-----
Axes           | 3 5 6 7 8 10 11 13 14 | 14.0
Fighting       | 4 5 6 7 9 10 | 10.4
Armour         | 4 5 6 7 8 9 10 | 10.5
Shields        | 4 5 6 7 8 9 10 | 10.5
Invocations    | 2 3 4 5 |  5.0
Throwing       | 2 4 6 |  6.4

Action                   |  1- 3 |  4- 6 |  7- 9 | 10-12 || total
-------------------------+-------+-------+-------+-------++-------
Melee: War axe           |   119 |   117 |    99 |       ||   335
       Headbutt          |    20 |    13 |    38 |    47 ||   118
       Broad axe         |       |       |   105 |   180 ||   285
Throw: Javelin           |       |       |     6 |     5 ||    11
       Dart              |       |       |     2 |       ||     2
Invok: Heroism           |       |       |     6 |     7 ||    13
       Finesse           |       |       |       |     1 ||     1
Evoke: Piece from Xom's  |       |       |     2 |       ||     2
  Use: Scroll            |     4 |     2 |     7 |    15 ||    28
       Potion            |       |     1 |     1 |       ||     2
 Stab: Distracted        |       |       |       |     6 ||     6
Armor: Chain mail        |    68 |    76 |    47 |       ||   191
       Plate armour      |       |       |    48 |    60 ||   108
Dodge: Dodged            |    35 |    39 |    92 |    93 ||   259
Block: Buckler           |    25 |    47 |   120 |   105 ||   297
       Reflection        |       |     3 |     4 |     4 ||    11

Table legend: (Time is in decaauts)
 A = Elapsed time spent in this place.
 B = Non-inter-level travel time spent in this place.
 C = Inter-level travel time spent in this place.
 D = Time resting spent in this place.
 E = Time spent auto-exploring this place.
 F = Levels seen in this place.
 G = Mean time per level.
                   A        B        C        D        E       F      G
               +--------+--------+--------+--------+--------+-----+--------+
         Total |  12296 |  11888 |    408 |    468 |   7554 |  13 |  945.8 |
       Dungeon |  10184 |   9785 |    399 |    468 |   6530 |  10 | 1018.4 |
          Lair |   2111 |   2102 |      9 |      0 |   1024 |   3 |  703.7 |
               +--------+--------+--------+--------+--------+-----+--------+

Top non-repeatable levels by time:
     D:7: 1562 daAuts
     D:8: 1388 daAuts
     D:5: 1352 daAuts
     D:9: 1238 daAuts
     D:3: 1171 daAuts
     D:1: 972 daAuts
  Lair:2: 862 daAuts
     D:6: 740 daAuts
  Lair:1: 721 daAuts
     D:4: 639 daAuts
     D:2: 590 daAuts
    D:10: 527 daAuts
  Lair:3: 527 daAuts
